AoeStats
← Kellokz

Arena

509979826Analyzed
4v4 RM · 3d ago on Sep 28, 2026· 41m 12s· 8 players
Game mode
Random Map
Map size
Large (8 player)
Population
200
Speed
Normal
Resources
Standard
Victory
Conquest
Starting age
Dark Age
Ending age
Imperial Age
RankedLock teamsTeams togetherTeam positionsShared explorationLock speedFull tech treeHidden civsTurbo modeCheats
Victory
Defeat
1122
+14
🇦🇷 Huns · Argentina
1077
+16
🇦🇷 Varangians · Argentina
1056
+17
🇹🇷 Mongols · Türkiye
1000
+19
🇺🇸 Vietnamese · United States
1108
-18
🇩🇪 Italians · Germany
1066
-16
🇩🇪 Saxons · Germany
1066
-16
🇵🇱 Franks · Poland
1064
-16
Ilyrian
13:45 Feudal Age
14:39 Double-Bit Axe
18:50 Castle Age
17:28 Stone Mining
17:31 Gold Mining
18:28 Wheelbarrow
17:39 Loom
19:49 Husbandry
22:14 Scale Barding Armor
22:19 Forging
26:54 Gold Shaft Mining
27:13 Pikeman
27:54 Squires
31:29 Hand Cart
35:40 Imperial Age
35:24 Chain Barding Armor
35:15 Forging
38:05 Cavalier
Kauly | TTV
11:09 Feudal Age
14:44 Castle Age
12:59 Double-Bit Axe
13:32 Horse Collar
16:13 Bow Saw
19:39 Heavy Plow
20:28 Gold Mining
22:10 Wheelbarrow
22:58 Loom
23:43 Hand Cart
24:31 Town Watch
26:45 Fortified Wall
29:47 Imperial Age
27:41 Fletching
29:25 Ballistics
29:35 Bodkin Arrow
29:46 Thumb Ring
29:34 Light Cavalry
30:34 Husbandry
31:46 Conscription
32:29 Bloodlines
32:56 Bracer
34:25 Elite Genoese Crossbowman
36:45 Padded Archer Armor
Kellokz
11:16 Feudal Age
15:06 Castle Age
13:06 Double-Bit Axe
13:03 Horse Collar
15:56 Fletching
16:51 Bow Saw
18:57 Wheelbarrow
21:27 Crossbowman
23:29 Hand Cart
24:13 Thumb Ring
24:44 Bodkin Arrow
30:20 Imperial Age
28:06 Heavy Plow
28:09 Padded Archer Armor
28:38 Ballistics
28:55 Gold Mining
31:10 Leather Archer Armor
30:35 Arbalester
32:20 Chemistry
31:27 Bracer
33:10 Siege Engineers
34:13 Conscription
40:25 Ring Archer Armor
Tachyon
10:30 Feudal Age
14:58 Castle Age
13:10 Horse Collar
14:05 Double-Bit Axe
16:55 Loom
19:25 Stone Mining
20:05 Fortified Wall
25:23 Fletching
25:48 Bow Saw
25:32 Gold Mining
26:46 Bodkin Arrow
27:01 Heavy Plow
29:00 Wheelbarrow
31:42 Imperial Age
30:05 Hand Cart
30:03 Padded Archer Armor
31:35 Ballistics
33:37 Chemistry
33:35 Masonry
35:51 Bracer
37:15 Siege Engineers
38:24 Murder Holes
40:53 Thumb Ring
[BuluC]Not_the_Viper
10:02 Feudal Age
13:54 Castle Age
12:28 Double-Bit Axe
12:27 Horse Collar
13:00 Loom
15:06 Bow Saw
16:47 Wheelbarrow
19:27 Heavy Plow
21:07 Fervor
21:19 Sanctity
22:32 Town Watch
22:59 Stone Mining
26:11 Hand Cart
30:18 Imperial Age
27:52 Gold Mining
28:22 Scale Barding Armor
28:28 Forging
29:44 Chain Barding Armor
32:24 Imperial Age
30:15 Bloodlines
30:07 Husbandry
30:48 Iron Casting
30:53 Light Cavalry
32:24 Cavalier
32:27 Winged Hussar
33:44 Plate Barding Armor
33:54 Conscription
33:37 Paladin
39:18 Stone Shaft Mining
38:35 Fletching
38:45 Padded Archer Armor
38:46 Scale Mail Armor
41:05 Ballistics
41:46 Chemistry
40:27 Treadmill Crane
40:58 Fortified Wall
40:33 Treadmill Crane
41:03 Masonry
40:52 Bodkin Arrow
41:13 Chain Mail Armor
Macanaky Industrial
10:32 Feudal Age
14:27 Castle Age
12:26 Double-Bit Axe
12:38 Horse Collar
13:53 Stone Mining
14:08 Gold Mining
14:32 Loom
15:10 Fletching
21:19 Pikeman
22:00 Squires
24:46 Wheelbarrow
26:07 Hand Cart
26:19 Gambesons
27:53 Bow Saw
31:53 Imperial Age
29:25 Bodkin Arrow
31:54 Capped Ram
33:01 Conscription
34:21 Siege Ram
34:33 Halberdier
37:55 Bracer
38:30 Stone Mining
Manc0
0:26 Loom
11:15 Feudal Age
13:03 Double-Bit Axe
12:59 Horse Collar
17:35 Castle Age
15:45 Stone Mining
15:54 Gold Mining
18:13 Town Watch
18:20 Fletching
22:25 Scale Barding Armor
25:42 Forging
26:42 Chain Barding Armor
27:13 Iron Casting
27:07 Husbandry
27:18 Bloodlines
27:31 Marauders
31:38 Gold Shaft Mining
33:50 Imperial Age
32:24 Wheelbarrow
32:08 Heavy Plow
34:37 Ballistics
35:59 Plate Barding Armor
36:25 Conscription
37:17 Elite Tarkan
38:37 Hand Cart
40:40 Blast Furnace
shadman0islam
9:25 Feudal Age
13:42 Castle Age
11:51 Double-Bit Axe
15:02 Bow Saw
19:23 Horse Collar
19:34 Loom
21:58 Wheelbarrow
21:34 Heavy Plow
22:58 Hand Cart
23:11 Gold Mining
23:12 Stone Mining
24:58 Gold Shaft Mining
29:04 Imperial Age
27:57 Forging
27:50 Husbandry
27:57 Scale Barding Armor
28:42 Stone Shaft Mining
29:30 Bloodlines
29:57 Iron Casting
29:45 Chain Barding Armor
29:10 Elite Steppe Lancer
29:27 Capped Ram
31:55 Blast Furnace
32:09 Drill
32:32 Siege Ram
Connection lost

Rejoining the realm…

Still unreachable

The connection could not be restored.

Session expired

The server has moved on; the page needs a fresh start.